 Dungeon Crawl Stone Soup version 0.29-a0-275-g389c0b56f3 (webtiles) character file.

Game seed: 10678712490551409554

98 jlumianski the Covert (level 4, -2/23 HPs)
             Began as a Spriggan Brigand on Mar 11, 2022.
             Killed from afar by Sigmund (8 damage)
             ... with a magic dart
             ... on level 2 of the Dungeon.
             The game lasted 00:16:45 (2149 turns).

jlumianski the Covert (Spriggan Brigand)            Turns: 2149, Time: 00:16:45

Health: -2/23      AC:  3    Str:  7    XL:     4   Next: 43%
Magic:  5/5        EV: 32    Int: 14    God:
Gold:   135        SH:  0    Dex: 18    Spells: 3/3 levels left

rFire   . . .      SeeInvis +   a - +2 dagger
rCold   + . .      Faith    .   (no shield)
rNeg    . . .      Spirit   .   b - +0 robe
rPois   +          Reflect  .   (helmet restricted)
rElec   .          Harm     .   c - +0 cloak
rCorr   .          Rampage  .   (gloves unavailable)
Will    .....                   (boots unavailable)
Stlth   ++++......              s - amulet of the acrobat
HPRegen 0.07/turn               u - ring "Egithrom" {rPois rC+ Int+2}
MPRegen 0.09/turn               (no ring)

@: acrobatic, very quick
A: very small, no large weapons, unfitting armour, see invisible, speed 3
a: no special abilities


You were on level 2 of the Dungeon.
You visited 1 branch of the dungeon, and saw 3 of its levels.

You collected 135 gold pieces.

Inventory:

Hand Weapons
 a - a +2 dagger (weapon)
 q - a +0 short sword
 w - a +0 rapier
Missiles
 d - 9 poisoned darts (quivered)
 e - 3 curare-tipped darts
 h - 69 stones
Armour
 b - a +0 robe (worn)
 c - a +0 cloak (worn)
 f - a +0 leather armour
Magical Staves
 l - a staff of conjuration
Jewellery
 m - an amulet of guardian spirit
 s - an amulet of the acrobat (around neck)
 u - the ring "Egithrom" (left hand) {rPois rC+ Int+2}
   (You found it on level 2 of the Dungeon)

   [ring of protection from cold]

   Int:       It affects your intelligence (+2).
   rC:        It protects you from cold.
   rPois:     It protects you from poison.
Scrolls
 g - 2 scrolls of enchant armour {unknown}
 i - a scroll of fear
 p - 2 scrolls of silence {unknown}
 r - 3 scrolls of magic mapping {unknown}
 t - 2 scrolls of immolation
 v - a scroll of fog
Potions
 j - a potion of heal wounds
 k - a potion of magic {unknown}
 n - a potion of ambrosia {unknown}


   Skills:
 + Level 1.8 Fighting
 + Level 2.9 Short Blades
 + Level 2.3 Throwing
 + Level 1.7 Dodging
 * Level 8.0 Stealth


You had 3 spell levels left.
You didn't know any spells.
Your spell library contained the following spells:

 Spells                   Type           Power      Damage    Failure   Level
 Static Discharge         Conj/Air       0%         N/A       41%         2
 Lightning Bolt           Conj/Air       0%         1d11      100%        5
 Maxwell's Capacitive Co  Air            0%         ∞         100%        8


Dungeon Overview and Level Annotations

Branches:
Dungeon (3/15)

Altars:
Trog

Shops:
D:3 :

Annotations:
D:2 Sigmund


Innate Abilities, Weirdness & Mutations

You are very small and have problems with some larger weapons.
You are too small for most types of armour.
You have supernaturally acute eyesight. (SInv)
You cover ground extremely quickly. (Speed+++)


Message History

You kill the dart slug!
Your Stealth skill increases to level 8!
h - 69 stones (gained 17)
The helpless bat fails to defend itself.
You spit the bat like a pig!!!
You kill the bat!
Sigmund is nearby!
You hit Sigmund but do no damage.
Sigmund screams, "Die, monster!"
Sigmund hits you with a +0 scythe!
Ouch! That really hurt!
You hit Sigmund.
Sigmund is lightly wounded.
Sigmund screams, "Die, monster!"
Sigmund casts a spell at you.
You easily resist.
You hit Sigmund.
Sigmund is lightly wounded.
You hit Sigmund.
Sigmund is moderately wounded.
Sigmund casts a spell.
Sigmund flickers and vanishes for a moment.
You closely miss Sigmund.
Sigmund is moderately wounded.
Sigmund closely misses you.
You hit Sigmund.
Sigmund is moderately wounded.
Sigmund hits you with a +0 scythe.
You hit Sigmund.
Sigmund is heavily wounded.
You hit Sigmund.
Sigmund is severely wounded.
Sigmund hits you with a +0 scythe.
* * * LOW HITPOINT WARNING * * *
You hit Sigmund.
Sigmund is almost dead.
Sigmund misses you. Sigmund casts a spell at you. The magic dart hits you!
You die...

#####.####.# #..........# #######
##......##..# #......
#..._....#..# #.#####
########........#..########.#####
#................................
#.#.###.#.#.......#########.#####
#.#.# #.#.#.......##### #.#
#.#.###.#.#@....@.#...# #.# ##
#.......#.#.......#...#####.####.
###.###.#.##.###..#......)#......
..................#.......######.
.##>..............'.)..†..# ##
.#....#.#....#.#..#.......# #
.#.##.#.#.##)#.#..#.......# #
.#....#<.....#.#..#.......#### #
.#..#.#.#..#.#.#........)....####


You could see Sigmund (invisible).

Vanquished Creatures
  Jessica (D:2)
  Natasha (D:3)
  A worm (D:2)
  2 dart slugs
  An orc (D:3)
  2 endoplasms
  5 goblins
  A hobgoblin (D:2)
  6 kobolds (D:1)
  A quokka (D:2)
  2 ball pythons (D:1)
  7 bats
  A frilled lizard (D:3)
  7 rats
38 creatures vanquished.

Notes
Turn   | Place    | Note
-------+----------+-------------------------------------------
     0 | D:1      | jlumianski the Spriggan Brigand began the quest for the
                  | Orb.
     0 | D:1      | Reached XP level 1. HP: 10/10 MP: 2/2
   147 | D:1      | Reached skill level 6 in Stealth
   256 | D:1      | Reached XP level 2. HP: 14/14 MP: 3/3
   656 | D:1      | Found a faded altar of an unknown god.
   833 | D:2      | Noticed Sigmund
   969 | D:3      | Found Wosedif's Book Shoppe.
  1152 | D:3      | Reached skill level 7 in Stealth
  1193 | D:3      | Noticed Natasha
  1222 | D:3      | Noticed a crimson imp
  1222 | D:3      | Killed Natasha
  1223 | D:3      | Reached XP level 3. HP: 10/18 MP: 4/4
  1523 | D:2      | Identified the ring "Egithrom" {rPois rC+ Int+2}
  1652 | D:2      | Found a bloodstained altar of Trog.
  1735 | D:2      | Noticed Jessica
  1904 | D:2      | Killed Jessica
  1905 | D:2      | Reached XP level 4. HP: 17/23 MP: 5/5
  2082 | D:2      | Reached skill level 8 in Stealth
  2149 | D:2      | Killed from afar by Sigmund

Illustrated notes

Levels and vault maps discovered:
D:1:      scummos_arrival_checkerplants, layout_basic,
          ebering_ecumenical_altar_hall, nicolae_figureground_pulse
D:2:      layout_basic, basic_altar, uniq_sigmund, uniq_jessica
D:3:      layout_rooms, nicolae_overflow_hidden_temple, serial_shops,
          nicolae_square_shop, uniq_natasha, uniq_robin, uniq_terence

Skill      XL: |  1  2  3  4 |
---------------+-------------+-----
Stealth        | 6 7 8 |  8.0
Fighting       | |  1.8
Short Blades   | |  2.9
Throwing       | |  2.3
Dodging        | |  1.7

Action                   |  1- 3 |  4- 6 || total
-------------------------+-------+-------++-------
Melee: Dagger            |    84 |    14 ||    98
       Punch             |     1 |       ||     1
Throw: Dart              |     5 |       ||     5
  Use: Scroll            |     3 |       ||     3
       Potion            |     1 |       ||     1
 Stab: Sleeping          |     9 |     3 ||    12
       Distracted        |       |     1 ||     1
Armor: Robe              |    11 |       ||    11
Dodge: Dodged            |    47 |     2 ||    49

Table legend: (Time is in decaauts)
 A = Elapsed time spent in this place.
 B = Non-inter-level travel time spent in this place.
 C = Inter-level travel time spent in this place.
 D = Time resting spent in this place.
 E = Time spent auto-exploring this place.
 F = Levels seen in this place.
 G = Mean time per level.
                   A        B        C        D        E       F      G
               +--------+--------+--------+--------+--------+-----+--------+
         Total |   1578 |   1557 |     21 |    495 |    271 |   3 |  526.0 |
       Dungeon |   1578 |   1557 |     21 |    495 |    271 |   3 |  526.0 |
               +--------+--------+--------+--------+--------+-----+--------+

Top non-repeatable levels by time:
     D:1: 695 daAuts
     D:2: 629 daAuts
     D:3: 254 daAuts
